 Dungeon Crawl Stone Soup version 0.32-a0-932-g546787307d (webtiles) character file.

Game seed: 4158566519849824857

53487 Jano the Nimble (level 14, -3/109 (114) HPs)
             Began as a Gnoll Monk on Apr 14, 2024.
             Was the Champion of Fedhas.
             Engulfed by a ghost crab's spectral mist (13 damage)
             ... in a Gauntlet.
             The game lasted 00:54:48 (21652 turns).

Jano the Nimble (Gnoll Monk)                       Turns: 21652, Time: 00:54:48

HP:   -3/109 (114)  AC: 19    Str: 13    XL:     14   Next: 68%
MP:   24/27         EV: 17    Int: 17    God:    Fedhas [******]
Gold: 1586          SH:  0    Dex: 17    Spells: 9/32 levels left

rFire   . . .        V - +8 spear of the Equator {drain, Fly rCorr, !w}
rCold   . . .        d - orb {light}
rNeg    + . .        R - +6 leather armour of Orihuet {Int+4 Dex+3}
rPois   .            u - +0 helmet
rElec   .            P - +2 cloak
rCorr   +            e - +3 pair of gauntlets of War {Slay+5}
SInv    .            (no boots)
Will    +....        (no amulet)
Stlth   ++           p - ring of resist corrosion
HPRegen 0.38/turn    y - ring of positive energy
MPRegen 0.20/turn

%: no teleportation
@: flying, glowing, lightly drained
A: fangs 1, strong nose, distributed training
a: Renounce Religion, Wall of Briars, Grow Ballistomycete, Overgrow, Grow Oklob


You were in a Gauntlet.
You worshipped Fedhas.
Fedhas was exalted by your worship.
You visited 3 branches of the dungeon, and saw 17 of its levels.
You also visited: Gauntlet and Volcano.

You collected 2914 gold pieces.
You spent 1328 gold pieces at shops.

Inventory:

Hand Weapons
 H - a +5 morningstar
 V - the +8 spear of the Equator (weapon) {drain, Fly rCorr, !w}
   (You found it on level 11 of the Dungeon)

   Fly:       It grants you flight.
   rCorr:     It protects you from acid and corrosion.
 Z - a +0 demon trident of flaming
Missiles
 F - 7 javelins (quivered)
 S - 3 curare-tipped darts
 T - 16 poisoned darts
Armour
 d - an orb of light (worn)
 e - the +3 pair of gauntlets of War (worn) {Slay+5}
   (You acquired it on level 1 of the Orcish Mines)

   Slay+5:    It affects your accuracy & damage with ranged weapons and melee
   (+5).
 r - a +0 helmet of intelligence
 u - a +0 helmet (worn)
 D - a +1 leather armour of fire resistance
 E - +1 swamp dragon scales
 K - a +0 kite shield
 P - a +2 cloak (worn)
 R - the +6 leather armour of Orihuet (worn) {Int+4 Dex+3}
   (You bought it in a shop on level 11 of the Dungeon)

   Int+4:     It affects your intelligence (+4).
   Dex+3:     It affects your dexterity (+3).
Jewellery
 p - a ring of resist corrosion (left hand)
 y - a ring of positive energy (right hand)
 O - the ring "Keyhoh" {Ice Str+3 Stlth+}
   (You found it on level 9 of the Dungeon)

   [ring of ice]

   Ice:       It enhances your ice magic.
   Str+3:     It affects your strength (+3).
   rF-:       It makes you vulnerable to fire.
   rC+:       It protects you from cold.
   Stlth+:    It makes you more stealthy.
 Y - a ring of positive energy
Wands
 b - a wand of mindburst (12)
 x - a wand of warping (7)
 A - a wand of polymorph (6)
 J - a wand of flame (12)
 M - a wand of charming (4)
 W - a wand of digging (12)
 X - a wand of light (2)
Scrolls
 a - a scroll of amnesia
 h - a scroll of immolation
 l - a scroll of enchant weapon
 n - a scroll of noise
 o - a scroll of poison
 s - 12 scrolls of teleportation
 v - a scroll of revelation
 z - 2 scrolls of fog
 B - a scroll of enchant armour
 C - a scroll of blinking
 G - 2 scrolls of silence
 I - 3 scrolls of fear
Potions
 c - a potion of ambrosia
 f - 7 potions of mutation
 g - 3 potions of curing
 i - 5 potions of brilliance
 j - 3 potions of cancellation
 k - a potion of berserk rage
 m - 2 potions of enlightenment
 q - 2 potions of magic
 t - 2 potions of invisibility
 w - a potion of lignification
 N - 2 potions of attraction
 U - 5 potions of might


   Skills:
 + Level 11.7 Fighting
 + Level 9.8 Short Blades
 + Level 9.8 Long Blades
 + Level 9.8 Axes
 + Level 9.8 Maces & Flails
 + Level 11.7 Polearms
 + Level 9.8 Staves
 + Level 9.8 Ranged Weapons
 + Level 9.8 Throwing
 + Level 9.8 Armour
 + Level 11.7 Dodging
 + Level 9.8 Stealth
 + Level 9.8 Shields
 + Level 9.8 Unarmed Combat
 + Level 9.8 Spellcasting
 + Level 8.2 Conjurations
 + Level 8.2 Hexes
 + Level 8.2 Summonings
 + Level 8.2 Necromancy
 + Level 8.2 Translocations
 + Level 8.2 Fire Magic
 + Level 8.2 Ice Magic
 + Level 8.2 Air Magic
 + Level 8.2 Earth Magic
 + Level 8.2 Alchemy
 + Level 10.6 Invocations
 + Level 9.8 Evocations
 + Level 9.0 Shapeshifting


You had 9 spell levels left.
You knew the following spells:

 Your Spells              Type           Power      Damage    Failure   Level
a - Mercury Vapours       Alch/Air       72%        N/A       1%          2
b - Mephitic Cloud        Conj/Alch/Air  36%        N/A       1%          3
c - Summon Blazeheart Go  Fire/Summ      36%        N/A       3%          4
d - Summon Lightning Spi  Summ/Air       36%        N/A       3%          4
e - Freezing Cloud        Conj/Ice/Air   18%        6-21      10%         5
f - Summon Forest         Summ/Tloc      18%        N/A       10%         5

Your spell library contained the following spells:

 Spells                   Type           Power      Damage    Failure   Level
 Static Discharge         Conj/Air       72%        3-6/arc   1%          2
 Dazzling Flash           Conj/Hex       72%        N/A       1%          3
 Hailstorm                Conj/Ice       36%        3d9       1%          3
 Summon Ice Beast         Ice/Summ       36%        N/A       1%          3
 Airstrike                Air            18%        2d(3-19)  3%          4
 Summon Mana Viper        Hex/Summ       36%        N/A       10%         5
 Permafrost Eruption      Ice/Erth       18%        2x4d5     50%         6
 Sculpt Simulacrum        Ice/Alch       18%        N/A       50%         6
 Starburst                Conj/Fire      18%        6d7       50%         6
 Summon Cactus Giant      Summ           18%        N/A       50%         6
 Monstrous Menagerie      Summ           18%        N/A       97%         7
 Orb of Destruction       Conj           18%        9d8       97%         7
 Spellforged Servitor     Conj/Summ      18%        N/A       97%         7
 Maxwell's Capacitive Co  Air            18%        ∞         100%        8


Dungeon Overview and Level Annotations

Branches:
Dungeon (11/15)            Temple (0/1) D:5            Lair (4/5) D:11
  Swamp (0/4) Lair:3        Snake (0/4) Lair:3          Orc (2/2) D:11
    Elf (0/3) Orc:2       Volcano (visited)         Gauntlet (1/1)
  Slime: Lair:4-5

Altars:
Ashenzari
Cheibriados
Fedhas
Gozag
Makhleb
Wu Jian
Xom
Yredelemnul
Beogh

Shops:
D:3 !   D:11 *[   Orc:2 ***[

Portals:
Abyss: D:3
Trove: D:10 (give +2 shadow dragon scales)

Annotations:
D:3 2 transporters, HourglassMan's ghost, weakling BaAE
D:6 2 transporters, fly's ghost, weakling KoDe Gauntlet 10 transporters, exclusions: lightning spire and orange crystal statue


Innate Abilities, Weirdness & Mutations

You have very sharp teeth.
Your uncanny sense of smell can sniff out nearby items.
Your experience applies equally to all skills.


Message History

The ghost crab breathes spectral mist at your killer bee.
The spectral mist engulfs your killer bee.
Reach: V) +8 spear of the Equator {drain, Fly rCorr, !w}
Press: ? - help, Dir - move target, f/p - ghost crab
Aim: a ghost crab (spectral mist, almost destroyed, not watching you, ally target, haloed, about 5% to evade the +8 spear of the Equator)
You reach to attack!
You puncture the ghost crab!
The ghost crab is almost destroyed.
You are engulfed in spectral mist.
* * * LOW HITPOINT WARNING * * *
Your killer bee is engulfed in spectral mist.
Your killer bee dies!
Your killer bee's corpse dissolves into shadows!
Your komodo dragon is engulfed in spectral mist.
The spectral deep elf pyromancer misses you.
Unknown command.
You hit the spectral deep elf pyromancer.
The spectral deep elf pyromancer is lightly damaged.
You are engulfed in spectral mist.
* * * LOW HITPOINT WARNING * * *
The ghost crab bites your komodo dragon!
The ghost crab closely misses your komodo dragon.
Unknown command.
You are engulfed in spectral mist.
Your komodo dragon is engulfed in spectral mist.
Your komodo dragon dies!
Your komodo dragon's corpse dissolves into shadows!
Unknown command.
You are engulfed in spectral mist.
* * * LOW HITPOINT WARNING * * *
The spectral deep elf pyromancer hits you but does no damage.
Unknown command.
The ghost crab breathes spectral mist at you.
The spectral mist engulfs the spectral deep elf pyromancer.
Okay, then.
Okay, then.
You are engulfed in spectral mist.
* * * LOW HITPOINT WARNING * * *
A briar patch grows up from the ground. x4; You are engulfed in spectral mist.
You die...
Fedhas appreciates your contribution to the ecosystem.

#.#..P♣P..###.###.^.#...♣.#....
#.#.......#©#I..©..©#.PP..#.♣.##
#.#########.#.###.^[#.♣..##..
#.#..##...#.#.#.###[#...##
#.#.#...###.#†#.....#...≈##
#.#.#.^#.)#..########...≈≈#
#©#..#©#.©#°..........♣.≈##
###..#^.#[#.○########...##
..###...#.#.#○°tZ@P.#...≈##
..#...##..#.#○Z#PPP|#.P.≈≈#
..#########.#☼###°°Z#.♣.≈##
#.........#©#..#©#§©#.P.##
#≈..♣P♣.♣.###...###☼#...≈##
#≈≈..P.P....#....#..#...≈≈#
####....P.♣.#.......#.♣.≈##
#≈....P..#########...##
#≈≈..................≈##


You could see a ghost crab, a spectral slime creature (summoned), a spectral
snapping turtle (summoned) and a spectral deep elf pyromancer (summoned, ally
target).

Vanquished Creatures
  Gastronok (Orc:1)
  Josephine (D:11)
  3 hydras
  An ogre mage (Orc:2)
  A boulder beetle (D:11)
  10 two-headed ogres
  2 death yaks (D:11)
  An iron troll (Orc:2)
  A soul eater (Gauntlet)
  A salamander mystic (Volcano)
  A deep troll (Orc:2)
  An orc sorcerer (Orc:2)
  5 salamanders (Volcano)
  2 manticores (D:11)
  A moth of wrath (Gauntlet)
  3 black mambas
  A torpor snail (Lair:3)
  A molten gargoyle (Volcano)
  3 kobold blastminers
  6 cane toads
  2 kobold demonologists (D:10)
  7 komodo dragons
  10 trolls
  A hornet (Lair:3)
  17 blink frogs
  A raiju (Gauntlet)
  8 dream sheep (Lair:3)
  6 wraiths
  A water elemental (D:11)
  2 fire bats (Volcano)
  41 yaks
  A basilisk (Lair:2)
  3 steam dragons
  2 wargs
  3 swamp worms (Lair:3)
  2 acid dragons
  5 water moccasins
  7 orc warriors
  2 black bears
  20 ogres
  3 sky beasts
  6 wolves
  A phantom (D:5)
  4 centaurs
  5 kobold brigands (D:10)
  9 bullfrogs
  A scorpion (Lair:2)
  A gnoll sergeant (D:11)
  7 wights
  12 killer bees
  7 electric eels (D:11)
  A howler monkey (D:10)
  4 lava snakes
  3 jellies
  17 orc priests
  A bombardier beetle (D:5)
  2 hounds (D:4)
  2 gnoll boudas
  2 iguanas (D:5)
  12 orc wizards
  A hell rat (D:11)
  14 gnolls
  7 adders
  3 shadow imps (Gauntlet)
  3 white imps
  4 ribbon worms
  5 dart slugs
  43 orcs
  5 ball pythons
  8 endoplasms
  3 giant cockroaches
  5 goblins
  2 hobgoblins
  4 jackals (D:1)
  17 kobolds
  A quokka (D:2)
  5 bats
  6 frilled lizards
  2 rats
  5 ballistomycete spores
430 creatures vanquished.

Vanquished Creatures (collateral kills)
  A red draconian (Volcano)
  An ogre mage (Orc:2)
  A two-headed ogre (Orc:2)
  2 cyclopes (Orc:2)
  A salamander (Lair:3)
  A cane toad (Lair:3)
  3 komodo dragons
  A rime drake (Lair:3)
  2 blink frogs
  A dream sheep (Lair:3)
  A slime creature (D:8)
  4 yaks
  A wraith (D:11)
  2 fire bats (Volcano)
  Grum (Lair:1)
  2 black bears
  An ogre (Orc:2)
  A gnoll sergeant (D:8)
  A killer bee (D:11)
  4 lava snakes
  A gnoll bouda (D:4)
  An iguana (Lair:3)
  3 gnolls
  A shadow imp (Gauntlet)
  An orc (Orc:2)
  78 ballistomycete spores
117 creatures vanquished.

Vanquished Creatures (others)
  A sleepcap (D:6)
  2 orcs (D:6)
  4 ballistomycete spores
  9 blazeheart cores
16 creatures vanquished.

Grand Total: 563 creatures vanquished

Notes
Turn   | Place    | Note
-------+----------+-------------------------------------------
     0 | D:1      | Jano the Gnoll Monk began the quest for the Orb.
     0 | D:1      | Reached XP level 1. HP: 23/23 MP: 1/1
   195 | D:1      | Reached XP level 2. HP: 27/29 MP: 2/2
   419 | D:1      | Reached XP level 3. HP: 35/35 MP: 3/3
   570 | D:1      | Reached skill level 1 in Invocations
   969 | D:2      | Reached skill level 1 in Short Blades
   969 | D:2      | Reached skill level 1 in Long Blades
   969 | D:2      | Reached skill level 1 in Axes
   969 | D:2      | Reached skill level 1 in Maces & Flails
   969 | D:2      | Reached skill level 1 in Staves
   969 | D:2      | Reached skill level 1 in Ranged Weapons
   969 | D:2      | Reached skill level 1 in Throwing
   969 | D:2      | Reached skill level 1 in Armour
   969 | D:2      | Reached skill level 1 in Stealth
   969 | D:2      | Reached skill level 1 in Shields
   969 | D:2      | Reached skill level 1 in Unarmed Combat
   969 | D:2      | Reached skill level 1 in Spellcasting
   969 | D:2      | Reached skill level 1 in Evocations
  1012 | D:2      | Reached skill level 1 in Shapeshifting
  1012 | D:2      | Reached XP level 4. HP: 32/41 MP: 5/5
  1180 | D:2      | Found a faded altar of an unknown god.
  1856 | D:3      | Found a one-way gate to the infinite horrors of the Abyss.
  1856 | D:3      | Noticed HourglassMan's ghost (weakling BaAE)
  1860 | D:3      | Noticed a kobold brigand
  1877 | D:3      | Found a transporter.
  1882 | D:3      | Noticed a small abomination
  1888 | D:3      | Found a transporter.
  1888 | D:3      | Noticed an ancient zyme
  1888 | D:3      | Noticed a small abomination
  1907 | D:3      | Found Juociub's Distillery.
  1916 | D:3      | Bought a potion of haste for 120 gold pieces
  1916 | D:3      | Bought a potion of invisibility for 96 gold pieces
  2077 | D:3      | Identified the +2 pair of gloves of Brilliance {rN+}
  2120 | D:3      | Reached skill level 1 in Conjurations
  2120 | D:3      | Reached skill level 1 in Hexes
  2120 | D:3      | Reached skill level 1 in Summonings
  2120 | D:3      | Reached skill level 1 in Necromancy
  2120 | D:3      | Reached skill level 1 in Translocations
  2120 | D:3      | Reached skill level 1 in Fire Magic
  2120 | D:3      | Reached skill level 1 in Ice Magic
  2120 | D:3      | Reached skill level 1 in Air Magic
  2120 | D:3      | Reached skill level 1 in Earth Magic
  2120 | D:3      | Reached skill level 1 in Alchemy
  2244 | D:4      | Reached XP level 5. HP: 37/47 MP: 5/7
  2484 | D:4      | Reached XP level 6. HP: 25/53 MP: 8/8
  2860 | D:4      | Found a basalt altar of Yredelemnul.
  2860 | D:4      | Found a blossoming altar of Fedhas.
  2861 | D:4      | Found a broken altar of Ashenzari.
  2870 | D:4      | Became a worshipper of Fedhas Madash
  2870 | D:4      | Reached * piety under Fedhas
  2870 | D:4      | Reached ** piety under Fedhas
  3381 | D:4      | Found an ornate altar of the Wu Jian Council.
  3450 | D:5      | Entered Level 5 of the Dungeon
  3493 | D:3      | Bought a potion of berserk rage for 60 gold pieces
  3493 | D:3      | Bought a potion of lignification for 36 gold pieces
  3493 | D:3      | Bought a potion of degeneration for 12 gold pieces
  3549 | D:5      | Reached XP level 7. HP: 36/60 MP: 10/10
  3990 | D:5      | Found an opulent altar of Gozag.
  4002 | D:5      | Found a staircase to the Ecumenical Temple.
  4448 | D:5      | Reached XP level 8. HP: 58/67 MP: 12/12
  5332 | D:6      | Found a transporter.
  5337 | D:6      | Noticed fly's ghost (weakling KoDe)
  5414 | D:6      | Found a transporter.
  5446 | D:6      | Found a burning altar of Makhleb.
  5450 | D:6      | Noticed Maggie
  5455 | D:6      | Maggie changed into Maggie the sky beast
  5455 | D:6      | Noticed Maggie
  5468 | D:6      | Killed Maggie the sky beast
  5564 | D:6      | Learned a level 2 spell: Mercury Vapours
  6019 | D:7      | Reached *** piety under Fedhas
  6305 | D:7      | Reached XP level 9. HP: 66/73 MP: 14/14
  7593 | D:8      | Noticed a two-headed ogre
  7611 | D:8      | Killed a two-headed ogre
  7612 | D:8      | Reached skill level 5 in Invocations
  8300 | D:8      | Reached skill level 5 in Short Blades
  8300 | D:8      | Reached skill level 5 in Long Blades
  8300 | D:8      | Reached skill level 5 in Axes
  8300 | D:8      | Reached skill level 5 in Maces & Flails
  8300 | D:8      | Reached skill level 5 in Staves
  8300 | D:8      | Reached skill level 5 in Ranged Weapons
  8300 | D:8      | Reached skill level 5 in Throwing
  8300 | D:8      | Reached skill level 5 in Armour
  8300 | D:8      | Reached skill level 5 in Stealth
  8300 | D:8      | Reached skill level 5 in Shields
  8300 | D:8      | Reached skill level 5 in Unarmed Combat
  8300 | D:8      | Reached skill level 5 in Spellcasting
  8300 | D:8      | Reached skill level 5 in Evocations
  8300 | D:8      | Reached XP level 10. HP: 38/81 MP: 17/17
  8434 | D:8      | Noticed a four-headed hydra
  8453 | D:8      | Killed a four-headed hydra
  8995 | D:9      | Identified the ring "Keyhoh" {Ice Str+3 Stlth+}
  9019 | D:9      | Noticed a two-headed ogre
  9052 | D:9      | Killed a two-headed ogre
  9053 | D:9      | Reached skill level 5 in Shapeshifting
 10250 | D:9      | Reached skill level 5 in Conjurations
 10250 | D:9      | Reached skill level 5 in Hexes
 10250 | D:9      | Reached skill level 5 in Summonings
 10250 | D:9      | Reached skill level 5 in Necromancy
 10250 | D:9      | Reached skill level 5 in Translocations
 10250 | D:9      | Reached skill level 5 in Fire Magic
 10250 | D:9      | Reached skill level 5 in Ice Magic
 10250 | D:9      | Reached skill level 5 in Air Magic
 10250 | D:9      | Reached skill level 5 in Earth Magic
 10250 | D:9      | Reached skill level 5 in Alchemy
 10257 | D:9      | Reached XP level 11. HP: 73/89 MP: 4/20
 10638 | D:10     | Entered Level 10 of the Dungeon
 10794 | D:10     | Found a portal to a secret trove of treasure.
 11062 | D:10     | Found a roughly hewn altar of Beogh.
 11129 | D:10     | Reached **** piety under Fedhas
 11983 | D:11     | Identified the +8 spear of the Equator {drain, Fly rCorr}
 12210 | D:11     | Found a staircase to the Orcish Mines.
 12260 | D:11     | Found Cheibriados's Comfort Zone.
 12260 | D:11     | Found a snail-covered altar of Cheibriados.
 12273 | D:11     | Learned a level 3 spell: Mephitic Cloud
 13066 | D:11     | Found a staircase to the Lair.
 13070 | D:11     | Noticed a boulder beetle
 13072 | D:11     | Noticed a death yak
 13089 | D:11     | Noticed a manticore
 13110 | D:11     | Killed a manticore
 13113 | D:11     | Killed a death yak
 13254 | D:11     | Noticed a death yak
 13278 | D:11     | Killed a death yak
 13295 | D:11     | Killed a boulder beetle
 13296 | D:11     | Reached XP level 12. HP: 41/97 MP: 13/22
 13546 | D:11     | Noticed Josephine
 13586 | D:11     | Killed Josephine
 13713 | D:11     | Found Ruhag's Assorted Antiques.
 13721 | D:11     | Bought a dazzling leather armour for 231 gold pieces
 13721 | D:11     | Identified the +6 leather armour of Orihuet {Int+4 Dex+3}
                  | (You bought it in a shop on level 11 of the Dungeon)
 13721 | D:11     | Bought a scroll labelled HEPPITU DI WOERU for 33 gold
                  | pieces
 13721 | D:11     | Bought a glowing iron wand for 132 gold pieces
 13721 | D:11     | Bought a blackened bone wand for 132 gold pieces
 13739 | D:11     | Learned a level 4 spell: Summon Blazeheart Golem
 13986 | Orc:1    | Entered Level 1 of the Orcish Mines
 14054 | Orc:1    | Identified 2 scrolls of acquirement
 14054 | Orc:1    | Acquired 720 gold pieces
 14058 | Orc:1    | Acquired the +3 pair of gauntlets of War {Slay+5}
 14058 | Orc:1    | Found the +3 pair of gauntlets of War {Slay+5}
 14077 | Orc:2    | Entered Level 2 of the Orcish Mines
 14120 | Orc:1    | Noticed Gastronok
 14148 | Orc:1    | Killed Gastronok
 14149 | Orc:1    | Reached skill level 10 in Fighting
 14149 | Orc:1    | Reached skill level 10 in Polearms
 14149 | Orc:1    | Reached skill level 10 in Dodging
 14512 | Orc:2    | Found a staircase to the Elven Halls.
 14781 | Orc:2    | Noticed a two-headed ogre
 14806 | Orc:2    | Killed a two-headed ogre
 14959 | Orc:2    | Noticed an ogre mage
 14973 | Orc:2    | Killed an ogre mage
 14984 | Orc:2    | Reached ***** piety under Fedhas
 14987 | Orc:2    | Noticed a two-headed ogre
 14991 | Orc:2    | Noticed a two-headed ogre
 15017 | Orc:2    | Killed a two-headed ogre
 15019 | Orc:2    | Killed a two-headed ogre
 15150 | Orc:2    | Noticed a two-headed ogre
 15163 | Orc:2    | Killed a two-headed ogre
 15223 | Orc:2    | Noticed a two-headed ogre
 15224 | Orc:2    | Noticed a two-headed ogre
 15224 | Orc:2    | Noticed a two-headed ogre
 15231 | Orc:2    | Killed a two-headed ogre
 15232 | Orc:2    | Reached XP level 13. HP: 104/104 MP: 10/25
 15294 | Orc:2    | Learned a level 4 spell: Summon Lightning Spire
 15987 | Orc:2    | Found Hunum's Assorted Antiques.
 15992 | Orc:2    | Found Riajom's General Store.
 15995 | Orc:2    | Bought a potion of brilliance for 128 gold pieces
 15995 | Orc:2    | Bought a scroll of identify for 64 gold pieces
 15995 | Orc:2    | Bought a scroll of identify for 64 gold pieces
 15997 | Orc:2    | Found Wympochi's Armour Boutique.
 15998 | Orc:2    | Found Uphitoinu's General Store.
 16000 | Orc:2    | Bought a wand of warping (4) for 124 gold pieces
 16011 | Orc:2    | Bought a scroll of teleportation for 36 gold pieces
 16011 | Orc:2    | Bought a scroll of teleportation for 36 gold pieces
 16011 | Orc:2    | Bought a scroll of identify for 24 gold pieces
 16846 | Lair:1   | Entered Level 1 of the Lair of Beasts
 17337 | Lair:1   | Found a dark tunnel.
 17362 | Volcano  | Entered a volcano
 17534 | Volcano  | Noticed a red draconian
 17564 | Volcano  | Killed a red draconian
 17577 | Volcano  | Reached skill level 10 in Invocations
 17577 | Volcano  | Reached XP level 14. HP: 83/113 MP: 15/27
 17772 | Volcano  | Found a radiant altar of Vehumet.
 17815 | Volcano  | Found a burning altar of Makhleb.
 17979 | Lair:1   | Noticed Grum
 17989 | Lair:1   | Killed Grum
 18638 | Lair:2   | Reached ****** piety under Fedhas
 19668 | Lair:3   | Found a shimmering altar of Xom.
 19765 | Lair:3   | Learned a level 5 spell: Freezing Cloud
 19779 | Lair:3   | Learned a level 5 spell: Summon Forest
 20216 | Lair:3   | Found a staircase to the Snake Pit.
 20840 | Lair:3   | Found a staircase to the Swamp.
 21193 | Lair:4   | Found a gate leading to a gauntlet.
 21202 | Gauntlet | Entered a Gauntlet
 21202 | Gauntlet | Found a transporter.
 21210 | Gauntlet | Found a transporter.
 21212 | Gauntlet | Found a transporter.
 21223 | Gauntlet | Found a transporter.
 21226 | Gauntlet | Found a transporter.
 21237 | Gauntlet | Found a transporter.
 21255 | Gauntlet | Found a transporter.
 21270 | Gauntlet | Found a transporter.
 21280 | Gauntlet | Found a transporter.
 21290 | Gauntlet | Found a transporter.
 21304 | Gauntlet | Found a transporter.
 21313 | Gauntlet | Found a transporter.
 21318 | Gauntlet | Found a transporter.
 21390 | Gauntlet | Found a transporter.
 21652 | Gauntlet | Engulfed by a ghost crab's spectral mist

Illustrated notes

Levels and vault maps discovered:
D:1:      nzn_arrival_water_spiral, layout_basic,
          hangedman_decor_diamond_cutter, columned_hall_lemuel
D:2:      layout_loops_ring, hellmonk_ecumenical_altar_pennies_from_heaven,
          chequers_jeans, minmay_tetromino_o2
D:3:      layout_loops_ring, gammafunk_ghost_abyssal_escape, serial_shops, shop
D:4:      layout_loops_ring, nzn_wu_jian_council_hall,
          gammafunk_temple_overflow_claw, dreamdust_wishing_well
D:5:      layout_rooms, kennysheep_mini, minmay_temple_entry_statues_pillars,
          serial_corexii_hall, corexii_hall_statues_x, chequers_hall_statues_y
D:6:      layout_cave_pools, old_standard_altar, gammafunk_ghost_stat_death,
          uniq_maggie
D:7:      layout_gridville
D:8:      wander_river, layout_loops_cross, minmay_three_doors
D:9:      layout_small_grid
D:10:     layout_layer_cave, nicolae_trove_entry_isolated, special_room
          [special_room_orc]
D:11:     layout_basic, dpeg_lair_monsters, orc_0_dummy, serial_shops, shop,
          grunt_decor_mini_mirrors, minmay_shop_chei, kennysheep_generic_room_8,
          uniq_josephine
Lair:1:   layout_regular_city, lightli_volcano_entry_magma_tube,
          serial_bayou_shore_b, uniq_grum
Lair:2:   layout_cellular_growth
Lair:3:   layout_small_grid, palyth_hydra_swamp_entry,
          nicolae_snake_entry_warm_welcome, basic_altar
Lair:4:   layout_small_grid, gauntlet_entry_generic, wad_woods_road_05
Orc:1:    layout_diamond_mine, nicolae_orc_tapped_out, uniq_gastronok
Orc:2:    st_orc_open, layout_caves, special_room, nicolae_orc_lava_room
Gauntlet: minmay_gauntlet_77_tree [minmay_gauntlet_arena_77_fan,
          minmay_gauntlet_arena_77_squiggly, minmay_gauntlet_arena_77_mess,
          minmay_gauntlet_arena_77_double_cross,
          minmay_gauntlet_arena_77_mirror, minmay_gauntlet_arena_77_museum,
          minmay_gauntlet_arena_77_chump_sandwich, gauntlet_exit_hidden_loot]

Skill      XL: |  1  2  3  4  5  6  7  8  9 10 11 12 13 14 |
---------------+-------------------------------------------+-----
Invocations    | 1 2 3 4 5 6 7 8 10 | 10.6
Short Blades   | 1 2 3 5 6 7 8 9 |  9.8
Long Blades    | 1 2 3 5 6 7 8 9 |  9.8
Axes           | 1 2 3 5 6 7 8 9 |  9.8
Maces & Flails | 1 2 3 5 6 7 8 9 |  9.8
Staves         | 1 2 3 5 6 7 8 9 |  9.8
Ranged Weapons | 1 2 3 5 6 7 8 9 |  9.8
Throwing       | 1 2 3 5 6 7 8 9 |  9.8
Armour         | 1 2 3 5 6 7 8 9 |  9.8
Stealth        | 1 2 3 5 6 7 8 9 |  9.8
Shields        | 1 2 3 5 6 7 8 9 |  9.8
Unarmed Combat | 1 2 3 5 6 7 8 9 |  9.8
Spellcasting   | 1 2 3 5 6 7 8 9 |  9.8
Evocations     | 1 2 3 5 6 7 8 9 |  9.8
Shapeshifting  | 1 2 3 4 5 6 7 8 9 |  9.0
Conjurations   | 1 2 3 4 5 6 7 8 |  8.2
Hexes          | 1 2 3 4 5 6 7 8 |  8.2
Summonings     | 1 2 3 4 5 6 7 8 |  8.2
Necromancy     | 1 2 3 4 5 6 7 8 |  8.2
Translocations | 1 2 3 4 5 6 7 8 |  8.2
Fire Magic     | 1 2 3 4 5 6 7 8 |  8.2
Ice Magic      | 1 2 3 4 5 6 7 8 |  8.2
Air Magic      | 1 2 3 4 5 6 7 8 |  8.2
Earth Magic    | 1 2 3 4 5 6 7 8 |  8.2
Alchemy        | 1 2 3 4 5 6 7 8 |  8.2
Fighting       | 7 8 9 10 11 | 11.7
Polearms       | 7 8 9 10 11 | 11.7
Dodging        | 7 8 9 10 11 | 11.7

Action                     |  1- 3 |  4- 6 |  7- 9 | 10-12 | 13-15 || total
---------------------------+-------+-------+-------+-------+-------++-------
  Melee: Spear             |    89 |   142 |   341 |   440 |   415 ||  1427
         Bite              |    11 |    10 |    48 |    82 |    52 ||   203
         Unarmed           |       |       |       |     6 |       ||     6
  Throw: Throwing net      |       |     2 |       |       |       ||     2
         Javelin           |       |       |     3 |    11 |     4 ||    18
   Cast: Mercury Vapours   |       |       |     3 |    94 |    22 ||   119
         Mephitic Cloud    |       |       |       |    32 |    12 ||    44
         Summon Lightning  |       |       |       |       |    34 ||    34
         Summon Blazeheart |       |       |       |       |    39 ||    39
 Invoke: Wall of Briars    |       |     1 |     3 |     1 |     1 ||     6
         Grow Ballistomyce |       |       |     2 |     9 |     3 ||    14
         Overgrow          |       |       |       |       |     1 ||     1
  Evoke: Wand              |       |       |     2 |     7 |       ||     9
    Use: Potion            |       |     3 |     2 |     1 |     4 ||    10
         Scroll            |       |       |     3 |    14 |    11 ||    28
   Stab: Sleeping          |       |     2 |       |       |     1 ||     3
         Held in net/web   |       |     1 |       |       |       ||     1
         Confused          |       |       |       |    19 |     9 ||    28
         Distracted        |       |       |       |       |     5 ||     5
 Armour: Robe              |    24 |    49 |    58 |       |       ||   131
         Swamp dragon scal |       |       |   125 |   226 |       ||   351
         Leather armour    |       |       |       |    19 |   188 ||   207
  Dodge: Dodged            |    32 |    61 |   176 |   202 |   201 ||   672

Table legend: (Time is in decaauts)
 A = Elapsed time spent in this place.
 B = Non-inter-level travel time spent in this place.
 C = Inter-level travel time spent in this place.
 D = Time resting spent in this place.
 E = Time spent auto-exploring this place.
 F = Levels seen in this place.
 G = Mean time per level.
                   A        B        C        D        E       F      G
               +--------+--------+--------+--------+--------+-----+--------+
         Total |  21232 |  20136 |   1096 |   2029 |  13854 |  19 | 1117.5 |
       Dungeon |  13783 |  12824 |    959 |   1588 |   8776 |  11 | 1253.0 |
          Lair |   3773 |   3723 |     50 |     38 |   2921 |   4 |  943.2 |
  Orcish Mines |   2783 |   2698 |     85 |    270 |   1847 |   2 | 1391.5 |
       Volcano |    460 |    460 |      0 |     89 |    196 |   1 |  460.0 |
      Gauntlet |    430 |    430 |      0 |     44 |    113 |   1 |  430.0 |
               +--------+--------+--------+--------+--------+-----+--------+

Top non-repeatable levels by time:
    D:11: 1937 daAuts
   Orc:2: 1760 daAuts
  Lair:3: 1670 daAuts
     D:8: 1614 daAuts
     D:5: 1555 daAuts
     D:9: 1527 daAuts
     D:7: 1483 daAuts
    D:10: 1370 daAuts
     D:4: 1258 daAuts
  Lair:2: 1225 daAuts
   Orc:1: 1023 daAuts
     D:1: 875 daAuts
  Lair:1: 856 daAuts
     D:3: 751 daAuts
     D:6: 733 daAuts
